 Dungeon Crawl Stone Soup version 0.31-a0-662-g684573625c (webtiles) character file.

Game seed: 11953080242970612977

640 Xavori the Covert (level 7, -1/52 HPs)
             Began as an Octopode Chaos Knight on Sept 1, 2023.
             Was a Plaything of Xom.
             Slain by a gnoll
             ... wielding a +1 halberd of flaming
             ... led by a gnoll bouda
              (6 damage)
             ... on level 4 of the Dungeon.
             The game lasted 00:03:39 (14913 turns).

Xavori the Covert (Octopode Chaos Knight)          Turns: 14913, Time: 00:03:39

Health: -1/52      AC:  1    Str:  6 (9)  XL:     7   Next: 51%
Magic:  7/7        EV: 14    Int: 12 (14) God:    Xom [*.....]
Gold:   171        SH: 10    Dex: 12 (14) Spells: 6/6 levels left

rFire   . . .        a - +1 short sword (chaos)
rCold   . . .        o - +0 buckler
rNeg    . . .        (helmet restricted)
rPois   .            i - amulet of reflection
rElec   .            (no ring)
rCorr   .            (no ring)
SInv    .            (no ring)
Will    .....        (no ring)
Stlth   +++++        (no ring)
HPRegen 0.28/turn    (no ring)
MPRegen 0.10/turn    (no ring)
                     (no ring)

%: reflection
@: hasted, very quick
A: almost no armour, amphibious, 8 rings, camouflage 1, gelatinous body 1,
(nimble swimmer 1), tentacles, mutation resistance 1, sense surroundings 1, weak
1, subdued magic 2
a: Renounce Religion


You were on level 4 of the Dungeon.
You worshipped Xom.
You were a special plaything of Xom.
You visited 1 branch of the dungeon, and saw 4 of its levels.

You collected 171 gold pieces.

Inventory:

Hand Weapons
 a - a +1 short sword of chaos (weapon)
Armour
 o - a +0 buckler (worn)
Jewellery
 i - an amulet of reflection (around mantle)
Wands
 s - a wand of mindburst (4)
Scrolls
 b - a scroll of butterflies
 e - a scroll of revelation
 f - a scroll of vulnerability {unknown}
 g - 2 scrolls of enchant armour
 h - a scroll of noise {unknown}
 m - a scroll of torment {unknown}
 n - a scroll of amnesia {unknown}
 r - a scroll of enchant weapon
Potions
 c - 2 potions of curing
 d - a potion of degeneration
 l - a potion of magic {unknown}


   Skills:
 + Level 6.2 Fighting
 + Level 6.3 Short Blades
 + Level 5.6 Dodging
 + Level 8.9 Stealth
 + Level 4.5 Shields
 * Level 7.5 Evocations


You had 6 spell levels left.
You didn't know any spells.
Your spell library contained the following spells:

 Spells                   Type           Power      Damage    Failure   Level
 Dazzling Flash           Conj/Hex       0%         N/A       78%         3
 Volatile Blastmotes      Fire/Tloc      0%         2d10      78%         3
 Fulminant Prism          Conj/Hex       0%         3d5       99%         4
 Iskenderun's Mystic Bla  Conj/Tloc      0%         2d3       99%         4
 Starburst                Conj/Fire      0%         6d3       100%        6
 Maxwell's Capacitive Co  Air            0%         ∞         100%        8


Dungeon Overview and Level Annotations

Branches:
Dungeon (4/15)
 Temple: D:4-7

Altars:

Annotations:
D:3 2 transporters, bchevrier's ghost, amateur GnWn


Innate Abilities, Weirdness & Mutations

You cannot wear most types of armour.
You are amphibious.
You can wear up to eight rings at the same time.
Your skin changes colour to match your surroundings (Stealth+).
Your rubbery body absorbs attacks. (AC +1, EV +1)
((You are camouflaged when in or above water. (Stealth+)))
You have tentacles for arms and can constrict up to eight enemies at once.
You are somewhat resistant to further mutation.
You passively map a small area around you.
You are weak. (Str -2)
Your spells are easier to cast, but less powerful.


Message History

You block the gnoll's attack.
The gnoll hits you from afar with a +0 spear.
The phantom barely misses you.
You closely miss the phantom.
The phantom is moderately damaged.
You hit the phantom but do no damage.
Nothing appears to happen.
You squeeze the phantom, but do no damage.
The phantom is moderately damaged.
Your shadow imp closely misses the phantom.
The gnoll barely misses you.
The gnoll closely misses your shadow imp.
The gnoll barely misses you. The phantom completely misses you.
You miss the phantom.
The phantom is moderately damaged.
You closely miss the phantom.
The phantom is moderately damaged.
Your shadow imp hits the phantom.
The gnoll hits you from afar with a +1 halberd of flaming!
The gnoll burns you.
The gnoll hits your shadow imp with a +0 halberd!
Your shadow imp dies!
Your shadow imp disappears in a puff of smoke!
The gnoll misses you. The phantom hits you.
The phantom blinks!
You blink.
You hit the phantom.
The phantom is severely damaged.
The phantom hits you.
The phantom blinks!
You blink.
You hit the phantom but do no damage.
Your tentacle-slap misses the phantom.
The phantom is severely damaged.
You barely miss the phantom.
The phantom is severely damaged.
You closely miss the phantom.
Your tentacle-slap misses the phantom.
Your squeeze misses the phantom.
The phantom is severely damaged.
The phantom closely misses you.
You hit the phantom. Lightning courses through the phantom!
You destroy the phantom!
The gnoll hits you from afar with a +1 halberd of flaming!
* * * LOW HITPOINT WARNING * * *
The gnoll burns you.
You die...

#.......###########.........***
###...###.########............*
........#,[.######.....$..:...*
........#**...####......#####.*
........# *##.####.g....#####.*
........# ##.####g§....#####.*
..####### ##....g######## *,* *
..# ####.......#### *,* * ).#
####.@.###.#### *,* * ..#
####...###...## *,* * ###
####...#####.## *,* *
*############..#***,***
*...............,,,,,,*
*,*****************,,,* *,*
*,,,,,,,,,,,*,, *,*
*,***********,, #### *,*
*,,,,,,,,,,,*,,


You could see 3 gnolls.

Vanquished Creatures
  A black bear (D:4)
  An ogre (D:4)
  A phantom (D:4)
  A hound (D:4)
  An orc wizard (D:3)
  A gnoll (D:1)
  2 adders (D:2)
  2 worms (D:2)
  A dart slug (D:1)
  2 orcs (D:3)
  4 bats
  7 endoplasms
  9 giant cockroaches
  8 goblins
  5 hobgoblins
  3 quokkas
  3 ball pythons
  A frilled lizard (D:1)
  8 kobolds
  5 rats
66 creatures vanquished.

Notes
Turn   | Place    | Note
-------+----------+-------------------------------------------
     0 | D:1      | Xavori the Octopode Chaos Knight began the quest for the
                  | Orb.
     0 | D:1      | Reached XP level 1. HP: 16/16 MP: 1/1
    64 | D:1      | Reached XP level 2. HP: 15/21 MP: 2/2
   205 | D:1      | Found a faded altar of an unknown god.
   415 | D:1      | Reached XP level 3. HP: 26/26 MP: 3/3
   611 | D:1      | XOM: cloud trail
  1329 | D:1      | XOM: silly message
  1805 | D:1      | XOM: scenery: 1 doors close
  1906 | D:1      | XOM: silly message
  2607 | D:1      | XOM is BORED!
  2656 | D:1      | XOM: silly message
  2728 | D:1      | XOM: god gift: twisted filigree amulet {god gift}
  2736 | D:1      | XOM: god gift: scroll labelled VECKUN YVVYOSA {god gift}
  2844 | D:1      | XOM: scenery: 1 doors open
  2896 | D:1      | XOM: silly message
  2998 | D:1      | XOM: cloud trail
  3134 | D:1      | XOM: scenery: 1 doors close
  3604 | D:1      | XOM: god gift: 45 gold pieces
  4996 | D:1      | XOM: divination: detect items
  5462 | D:1      | XOM: give mutations
  5462 | D:1      | Gained mutation: You passively map a small area around you.
                  | [Xom's mischief]
  5462 | D:1      | Gained mutation: Your flesh is cold resistant. (rC+) [Xom's
                  | mischief]
  6340 | D:1      | XOM: give mutation
  6340 | D:1      | Gained mutation: One of your tentacles bears a spike.
                  | [Xom's mischief]
  6764 | D:1      | XOM: cloud trail
  6803 | D:1      | XOM: noise
  6840 | D:1      | XOM: stat loss: -1 Int (13/14)
  6898 | D:1      | XOM: stat loss: -1 Dex (12/13)
  6946 | D:1      | XOM: silly message
  7059 | D:1      | XOM: god gift: 3 stones
  7086 | D:1      | XOM: god gift: short sword {god gift}
  7426 | D:1      | XOM: give mutations
  7426 | D:1      | Lost mutation: Your flesh is cold resistant. (rC+) [Xom's
                  | mischief]
  7426 | D:1      | Gained mutation: You are weak. (Str -2) [Xom's mischief]
  7563 | D:1      | XOM: give mutations
  7563 | D:1      | Lost mutation: You are weak. (Str -2) [Xom's mischief]
  7563 | D:1      | Lost mutation: One of your tentacles bears a spike. [Xom's
                  | mischief]
  7865 | D:1      | XOM: torment (14/26 hp)
  8010 | D:1      | XOM: summons 2 hostile demons
  8075 | D:2      | XOM is BORED!
  8075 | D:2      | XOM: 1-stop teleportation journey
  8201 | D:2      | Reached skill level 1 in Stealth
  8382 | D:2      | Reached skill level 2 in Stealth
  8399 | D:2      | Reached XP level 4. HP: 31/31 MP: 4/4
  8627 | D:2      | XOM: noise
  9931 | D:1      | XOM: summons 1 hostile shadow creature
 10926 | D:1      | XOM: give mutations
 10926 | D:1      | Gained mutation: You are somewhat resistant to further
                  | mutation. [Xom's mischief]
 10926 | D:1      | Gained mutation: You are frail. (-10% HP) [Xom's mischief]
 10926 | D:1      | Lost mutation: You are frail. (-10% HP) [Xom's mischief]
 10926 | D:1      | Gained mutation: Your spells are a little easier to cast,
                  | but a little less powerful. [Xom's mischief]
 11032 | D:2      | XOM: stat loss: -1 Dex (11/13)
 11039 | D:2      | XOM is BORED!
 11039 | D:2      | XOM: noise
 11301 | D:2      | XOM: noise
 11418 | D:2      | XOM: give mutations
 11418 | D:2      | Gained mutation: Your spells are easier to cast, but less
                  | powerful. [Xom's mischief]
 11418 | D:2      | Gained mutation: Your flesh is heat resistant. (rF+) [Xom's
                  | mischief]
 11418 | D:2      | Lost mutation: Your flesh is heat resistant. (rF+) [Xom's
                  | mischief]
 11418 | D:2      | Gained mutation: You are weak. (Str -2) [Xom's mischief]
 11419 | D:2      | XOM: summons 2 hostile shadow creatures
 12610 | D:2      | XOM is BORED!
 12610 | D:2      | XOM: summons 3 hostile demons
 13805 | D:3      | Reached skill level 3 in Stealth
 13809 | D:3      | Found a transporter.
 14096 | D:3      | XOM: 1-stop teleportation journey
 14241 | D:3      | XOM: 5-stop teleportation journey
 14271 | D:3      | Found a transporter.
 14279 | D:3      | Noticed bchevrier's ghost (amateur GnWn)
 14303 | D:3      | Reached XP level 5. HP: 37/37 MP: 5/5
 14811 | D:4      | Noticed an ogre
 14814 | D:4      | Reached skill level 4 in Stealth
 14820 | D:4      | XOM: summons friendly shadow imp
 14822 | D:4      | XOM: enchant monster (bad)
 14824 | D:4      | Killed an ogre
 14825 | D:4      | Reached skill level 5 in Stealth
 14825 | D:4      | Reached skill level 1 in Evocations
 14871 | D:4      | Reached XP level 6. HP: 43/43 MP: 6/6
 14882 | D:4      | Noticed a black bear
 14891 | D:4      | Reached skill level 5 in Dodging
 14891 | D:4      | Reached skill level 8 in Stealth
 14891 | D:4      | Reached XP level 7. HP: 45/52 MP: 7/7
 14913 | D:4      | Slain by a gnoll

Illustrated notes

Levels and vault maps discovered:
D:1:      shiori_arrival_elements, layout_basic,
          dreamdust_ecumenical_altar_angels_and_demons, chequers_garden
D:2:      layout_rooms, hangedman_decor_points
D:3:      layout_basic, gammafunk_ghost_abyssal_escape, kennysheep_minor_cross
D:4:      layout_basic

Skill      XL: |  1  2  3  4  5  6 |
---------------+-------------------+-----
Stealth        | 2 3 5 8 |  8.9
Dodging        | 3 5 |  5.6
Evocations     | 1 7 |  7.5
Short Blades   | 4 6 |  6.3
Fighting       | 6 |  6.2
Shields        | 4 |  4.5

Action                     |  1- 3 |  4- 6 |  7- 9 || total
---------------------------+-------+-------+-------++-------
  Melee: Short sword       |    55 |    67 |    19 ||   141
         Constrict         |    13 |    12 |     1 ||    26
         Punch             |     1 |     1 |     1 ||     3
         Tentacles         |    10 |    12 |     3 ||    25
  Evoke: Wand              |       |     1 |       ||     1
    Use: Scroll            |     1 |     3 |       ||     4
         Potion            |       |     4 |     1 ||     5
   Stab: Sleeping          |     9 |    13 |       ||    22
 Armour: Skin              |    10 |    19 |     8 ||    37
  Dodge: Dodged            |    25 |    30 |    10 ||    65
  Block: Other             |     2 |     2 |       ||     4
         Buckler           |       |    14 |     5 ||    19
         Reflection        |       |     1 |       ||     1

Table legend: (Time is in decaauts)
 A = Elapsed time spent in this place.
 B = Non-inter-level travel time spent in this place.
 C = Inter-level travel time spent in this place.
 D = Time resting spent in this place.
 E = Time spent auto-exploring this place.
 F = Levels seen in this place.
 G = Mean time per level.
                   A        B        C        D        E       F      G
               +--------+--------+--------+--------+--------+-----+--------+
         Total |  14888 |  14829 |     59 |  12582 |   1761 |   4 | 3722.0 |
       Dungeon |  14888 |  14829 |     59 |  12582 |   1761 |   4 | 3722.0 |
               +--------+--------+--------+--------+--------+-----+--------+

Top non-repeatable levels by time:
     D:1: 10002 daAuts
     D:2: 2788 daAuts
     D:3: 1887 daAuts
     D:4: 209 daAuts
